 Dungeon Crawl Stone Soup version 0.17-a0-4-gb793c6d (console) character file.

215775 Monkaria the Minotaur Blade (level 18, -3/240 HPs)
             Began as a Minotaur Chaos Knight on Mar 2, 2015.
             Slain by a shock serpent (6 damage)
             ... on level 5 of the Snake Pit on Mar 4, 2015.
             The game lasted 03:30:59 (48803 turns).

Monkaria the Minotaur Blade (MiCK)                 Turns: 48803, Time: 03:31:04

Health: -3/240     AC: 29    Str: 19    XL:     18   Next: 34%
Magic:  25/25      EV:  2    Int: 11    God:    Xom [.*....]
Gold:   622        SH:  0    Dex: 13    Spells: 1 memorised, 13 levels left

rFire  + . .     SeeInvis .     f - +3 great sword (freeze)
rCold  + . .     Clarity  .     a - melded +4 plate armour {rC+}
rNeg   + + +     SustAb   .     (no shield)
rPois  +         Gourm    +     (helmet currently unavailable)
rElec  .         Spirit   .     t - melded +2 cloak {rC+}
rCorr  .         Warding  .     C - melded +2 pair of gloves {Dex+3}
rMut   .         NoTele   +     j - melded +2 pair of boots {Stlth+}
MR     ++...                    V - amulet of the gourmand
Stlth  +.........               i - ring of poison resistance
                                L - ring "Teogytrule" {+Blink rF+ rC+ MR+}

@: tree-form, very resistant to hostile enchantments, very unstealthy
A: (retaliatory headbutt), (hooves 0), (horns 0), (icy blue scales 0), (large
bone plates 0), rough black scales 1, breathe flames 2, clever 1, regeneration
1, (electricity resistance), weak 1, wild magic 1
a: Renounce Religion, Breathe Fire, Evoke Blink
}: 1/15 runes: decaying


You were on level 5 of the Snake Pit.
You worshipped Xom.
You were a plaything of Xom.
You were very full.
You were a tree.
You visited 6 branches of the dungeon, and saw 38 of its levels.
You also visited: Sewer and Ice Cave.

You collected 3837 gold pieces.
You spent 3215 gold pieces at shops.

Inventory:

Hand weapons
 f - a +3 great sword of freezing (weapon)
 m - a +5 arbalest of flaming
 u - a +4 scimitar of flaming
 z - a +0 blowgun
Missiles
 b - 28 tomahawks (quivered)
 o - 9 bolts
 p - 7 steel tomahawks
 v - 83 poisoned needles
 y - 7 needles of sleeping
Armour
 a - a +4 plate armour of cold resistance (melded)
 j - a +2 pair of boots of stealth (melded)
 t - a +2 cloak of cold resistance (melded)
 C - a +2 pair of gloves of dexterity (melded)
Jewellery
 i - a ring of poison resistance (right branch)
 x - an uncursed ring of positive energy
 L - the ring "Teogytrule" (left branch) {+Blink rF+ rC+ MR+}
   (You bought it in a shop on level 4 of the Orcish Mines)

   [ring of protection from magic]

   It protects you from fire.
   It protects you from cold.
   It affects your resistance to hostile enchantments.
   It lets you blink.
 V - an amulet of the gourmand (around neck)
 Z - an uncursed ring of protection from fire
Magical devices
 g - a wand of disintegration (15)
 h - a wand of fireball (3)
 k - a wand of heal wounds (0)
 H - a wand of teleportation (4)
 N - a wand of magic darts (29)
 S - a wand of lightning (0)
 T - a wand of lightning (4)
 U - a wand of fire (6)
Scrolls
 d - a scroll of noise {unknown}
 l - 4 scrolls of remove curse
 q - 5 scrolls of fear
 r - a scroll of recharging
 D - 3 scrolls of fog
 E - 11 scrolls of teleportation
 O - 6 scrolls of magic mapping
 Q - a scroll of holy word
 R - a scroll of amnesia
 W - a scroll of blinking
Potions
 e - 2 potions of invisibility
 n - 6 potions of resistance
 s - 3 potions of haste
 w - a potion of berserk rage
 A - 4 potions of flight
 F - a potion of ambrosia
 I - a potion of lignification
 J - 2 potions of agility
 K - 6 potions of curing
 M - 3 potions of might
 P - a potion of restore abilities
Comestibles
 c - 12 bread rations
 B - a beef jerky
 G - a slice of pizza
 X - 10 fruits


   Skills:
 - Level 14.0 Fighting
 - Level 22.3 Long Blades
 - Level 6.2 Throwing
 + Level 20.5 Armour
 - Level 14.0 Dodging
 - Level 8.0 Evocations


You had 13 spell levels left.
You knew the following spells:

 Your Spells              Type           Power        Failure   Level  Hunger
a - Condensation Shield   Ice            #.........   100%        4    #####..


Dungeon Overview and Level Annotations

Branches:
Dungeon (15/15)            Temple (1/1) D:7            Lair (8/8) D:11
  Swamp (5/5) Lair:4        Snake (5/5) Lair:3        Slime (0/6) Lair:7
    Orc (4/4) D:10            Elf (0/3) Orc:4        Vaults (0/5) D:13
 Depths (0/5) D:15

Altars:
Ashenzari
Cheibriados
Elyvilon
Fedhas
Gozag
Kikubaaqudgha
Makhleb
Nemelex Xobeh
Okawaru
Qazlal
Ru
Sif Muna
Trog
Vehumet
Xom
Yredelemnul
Zin
The Shining One
Jiyva

Shops:
D:4 *   D:7 }?%   D:9 !   D:15 !   Orc:2 !   Orc:3 *   Orc:4 [==:   Snake:1 [


Innate Abilities, Weirdness & Mutations

((You reflexively headbutt those who attack you in melee.))
((You have a pair of horns on your head.))
((You have hoof-like feet.))
((You are partially covered in icy blue scales (AC +1).))
((You are partially covered in large bone plates (AC +2, SH +2).))
(You are partially covered in rough black scales (AC +4, Dex -1).)
You can breathe fire.
Your mind is acute. (Int +2)
Your natural rate of healing is unusually fast.
((You are resistant to electric shocks.))
You are weak. (Str -2)
Your spells are a little harder to cast, but a little more powerful.


Message History

Drink which item? (? for menu, Esc to quit)
Okay, then.
Unknown command.
Unknown command.
Evoke which item? (* to show all) (? for menu, Esc to quit)
Zapping:
k - a wand of heal wounds (1)
Press: ? - help, Shift-Dir - straight line, f - you You feel much better.
This wand has 0 charges left.
The shock serpent bites you!
* * * LOW HITPOINT WARNING * * *
The shock serpent shocks you!
* * * LOW HITPOINT WARNING * * *
The salamander hits you from afar with a halberd!
* * * LOW HITPOINT WARNING * * *
You are engulfed in flames.
You resist.
* * * LOW HITPOINT WARNING * * *
Xom roars with laughter!
The shock serpent bites you.
You die...
Xom chortles!

.S.....## # # #
#.#.#.#...## #.....
## ...SN.......#
...... #.
#.#.#.#....#
...##..##.
..........##..#
##..#.
#.#.#.#.#........#
#.....
...../..N.........#
##...#
.#.#.#S#S....#..#
##... #.♣........#
#... #..†.........#
#..<
##....N.......#
#... #.....N......#
#... .............#
#...
#.............#
#... ..............
#... .............
#### ... ...


You could see a naga sharpshooter, a salamander mystic, a salamander and 2 shock
serpents.

Vanquished Creatures
  the Lernaean hydra (Swamp:5)
  Mara (Swamp:4)
  Vashnia (Snake:2)
  2 greater nagas (Snake:5)
  A frost giant (IceCv)
  Aizul (Swamp:5)
  Jorgrun (Swamp:5)
  Azrael (D:14)
  The ghost of drjones the Spear-Bearer, a powerful MfIE of Sif Muna (Lair:5)
  Harold (Lair:7)
  An ettin (D:15)
  Snorg (Orc:2)
  2 yaktaur captains
  A minotaur (shapeshifter) (Lair:7)
  A great orb of eyes (Swamp:5)
  7 naga warriors
  6 anacondas
  Nessos (D:14)
  4 centaur warriors
  26 hydras
  2 ghost crabs
  A catoblepas (shapeshifter) (D:13)
  17 alligators
  5 orc high priests (Orc:4)
  4 death yaks (Lair:7)
  9 naga sharpshooters
  A tengu warrior (D:15)
  A shock serpent (Snake:2)
  A deep elf knight (D:15)
  4 skeletal warriors (D:12)
  2 deep trolls
  17 swamp dragons
  A spriggan druid (Swamp:3)
  A shambling mangrove (Swamp:5)
  5 unseen horrors (D:15)
  2 lindwurms (Lair:7)
  5 naga ritualists
  7 hill giants
  An ice statue (IceCv)
  2 orc knights
  A lindwurm (shapeshifter) (D:13)
  8 ugly things
  8 mana vipers
  A hornet (Lair:5)
  4 cyclopes
  2 griffons
  10 salamanders
  An orc sorcerer (Orc:4)
  7 manticores
  31 black mambas
  4 oklob plants (Lair:7)
  18 spiny frogs
  Joseph (D:8)
  23 elephants
  3 gargoyles
  A queen ant (Lair:7)
  A torpor snail (Lair:4)
  9 naga magi
  A yaktaur (shapeshifter) (Lair:7)
  2 fire drakes (Lair:7)
  4 trolls
  2 yaktaurs (D:13)
  12 komodo dragons
  10 giant leeches
  15 baby alligators
  A merfolk (Snake:5)
  10 polar bears (IceCv)
  Prince Ribbit (D:6)
  9 ravens
  11 bog bodies
  34 blink frogs
  13 slime creatures
  2 shadows
  5 wraiths
  2 boulder beetles
  A centaur simulacrum (D:15)
  2 small abominations (D:11)
  6 wyverns
  2 spriggans (Swamp:4)
  5 basilisks
  70 yaks
  4 fire elementals
  A hill giant zombie (D:15)
  Eustachio (D:6)
  4 deep elf magi
  A mottled dragon (D:15)
  23 vampire mosquitoes
  14 hippogriffs
  A hungry ghost (D:12)
  A spatial vortex (D:12)
  16 insubstantial wisps
  Menkaure (D:6)
  3 wargs
  21 wolves
  27 water moccasins
  29 nagas
  34 swamp worms
  11 porcupines
  4 hell hounds
  4 black bears
  10 swamp drakes
  3 sky beasts
  2 phantoms
  2 soldier ants
  A dwarf (shapeshifter) (D:6)
  23 orc warriors
  4 wasps
  21 centaurs
  5 boggarts
  9 ice beasts
  8 ogres
  2 boring beetles (Lair:8)
  17 crocodiles
  A giant frog (shapeshifter) (D:12)
  5 big kobolds
  A gnoll sergeant (D:11)
  41 giant frogs
  A wyvern skeleton (D:10)
  8 killer bees
  4 scorpions
  7 electric eels
  4 giant frog zombies
  15 wights
  10 crimson imps
  4 goliath beetles
  6 centaur zombies
  A quasit (D:13)
  5 jellies
  5 centaur skeletons
  11 worker ants
  3 giant frog skeletons
  9 hounds
  39 orc priests
  9 iguanas
  A killer bee zombie (D:8)
  16 sheep
  41 orc wizards
  Ijyb (D:2)
  3 mummies
  2 worker ant zombies
  28 adders
  7 gnolls
  47 river rats
  3 giant mites
  2 shadow imps (D:15)
  5 worms
  10 orc zombies (Orc:4)
  3 sheep zombies (D:15)
  An adder skeleton (D:8)
  6 giant geckos
  168 orcs
  4 ball pythons
  22 bats
  2 bat skeletons
  9 giant cockroaches
  22 goblins
  18 hobgoblins
  21 jackals
  24 kobolds
  9 oozes
  15 quokkas
  A giant gecko skeleton (D:5)
  4 giant newts
  A giant spore (D:8)
  2 quokka skeletons (D:6)
  A quokka zombie (D:10)
  11 rats
  A spectral ball python (Swamp:4)
  8 ballistomycetes (D:8)
  A fungus (Lair:5)
  2 plants
1520 creatures vanquished.

Vanquished Creatures (collateral kills)
  A black mamba (Lair:8)
  4 elephants
  A spiny frog (Lair:8)
  3 polar bears (IceCv)
  A basilisk (Lair:4)
  A yak (IceCv)
  A vampire mosquito (Lair:8)
  A swamp worm (Swamp:1)
  A worker ant (Swamp:4)
  An iron imp (Lair:5)
  An adder (Lair:4)
  A shadow imp (Lair:5)
  2 giant mites (Snake:3)
  2 orcs (D:15)
  A quokka (Lair:5)
  A fungus (Lair:8)
23 creatures vanquished.

Vanquished Creatures (others)
  A dancing weapon (Snake:5)
  A naga sharpshooter (Snake:2)
  A skeletal warrior (D:13)
  A swamp dragon (Swamp:3)
  An elephant (Lair:7)
  3 fire drakes (Lair:7)
  2 ball lightnings (D:13)
  A fire vortex (Lair:3)
  A blink frog (Lair:7)
  A large abomination (IceCv)
  A chaos spawn (Lair:8)
  2 wolves (Lair:5)
  A hell hound (D:14)
  2 swamp drakes (Swamp:5)
  A crocodile (D:11)
  2 boggarts (D:13)
  A killer bee (D:14)
  An electric eel (Lair:8)
  A wight (D:8)
  5 crimson imps
  8 quasits
  An orc wizard (D:13)
  A worker ant (Swamp:4)
  9 iron imps
  A worker ant zombie (D:11)
  5 shadow imps
  2 adders
  8 white imps
  9 ufetubi
  3 orcs
  A rat (Lair:3)
  3 bushes (D:14)
  4 butterflies
  20 fungi
  5 plants
110 creatures vanquished.

Grand Total: 1653 creatures vanquished

Notes
Turn   | Place    | Note
--------------------------------------------------------------
     0 | D:1      | Monkaria, the Minotaur Chaos Knight, began the quest for the Orb.
     0 | D:1      | Reached XP level 1. HP: 19/19 MP: 1/1
   211 | D:1      | XOM: silly message
   280 | D:1      | XOM: 1-stop teleportation journey
   355 | D:1      | XOM: god gift: 8 poisoned javelins
   375 | D:1      | Reached skill level 4 in Fighting
   376 | D:1      | Reached XP level 2. HP: 9/27 MP: 1/1
   648 | D:1      | XOM: god gift: phantom mirror
   723 | D:1      | XOM: divination: detect creatures
   899 | D:1      | XOM: give mutations
   899 | D:1      | Gained mutation: You can spit poison. [Xom's grace]
   899 | D:1      | Gained mutation: You have sharp fingernails. [Xom's grace]
   899 | D:1      | Gained mutation: You are partially covered in slimy green scales (AC +2). [Xom's grace]
   899 | D:1      | Gained mutation: You are resistant to electric shocks. [Xom's grace]
  1012 | D:2      | XOM: divination: detect items
  1083 | D:2      | Found a snail-covered altar of Cheibriados.
  1119 | D:2      | Reached XP level 3. HP: 29/34 MP: 2/2
  1224 | D:2      | Noticed Ijyb
  1255 | D:2      | Killed Ijyb
  1255 | D:2      | Reached skill level 5 in Long Blades
  1484 | D:2      | Reached XP level 4. HP: 41/41 MP: 2/2
  1593 | D:3      | XOM: harmless Summ miscast
  1701 | D:3      | Found a sacrificial altar of Ru.
  1725 | D:3      | Found a sparkling altar of Nemelex Xobeh.
  1795 | D:3      | Found a basalt altar of Yredelemnul.
  1841 | D:3      | Found a shattered altar of Ashenzari.
  1925 | D:3      | Reached skill level 5 in Fighting
  1957 | D:3      | Found a deep blue altar of Sif Muna.
  2194 | D:3      | XOM: divination: detect creatures
  2287 | D:3      | XOM: colour smoke trail
  2435 | D:3      | Reached XP level 5. HP: 48/48 MP: 2/2
  2502 | D:4      | Noticed a phantom
  2505 | D:4      | Reached skill level 6 in Long Blades
  2507 | D:4      | Found a glowing drain.
  2523 | D:4      | XOM: noise
  2538 | D:4      | Killed a phantom
  2538 | D:4      | Reached skill level 7 in Long Blades
  2573 | Sewer    | Entered a sewer
  2611 | Sewer    | Reached XP level 6. HP: 43/56 MP: 3/3
  2704 | Sewer    | XOM: 11-stop teleportation journey
  2792 | Sewer    | Got a bloodstained buckler
  3395 | D:4      | Reached skill level 8 in Long Blades
  3432 | D:4      | XOM: divination: magic mapping
  3504 | D:4      | Found Nose's General Store.
  3518 | D:4      | Bought a +1 pair of gloves of dexterity for 165 gold pieces
  3518 | D:4      | Bought a scroll of enchant armour for 75 gold pieces
  3518 | D:4      | Bought a scroll of fog for 20 gold pieces
  3518 | D:4      | Bought a scroll of remove curse for 30 gold pieces
  3604 | D:4      | XOM: scenery: 3 doors open
  3774 | D:5      | Entered Level 5 of the Dungeon
  3817 | D:5      | XOM: harmless Hex miscast
  3974 | D:5      | XOM: chaos cloud
  3991 | D:5      | Reached XP level 7. HP: 52/61 MP: 3/3
  4063 | D:5      | Reached skill level 5 in Armour
  4394 | D:5      | XOM: mild Fire miscast
  4427 | D:5      | XOM: harmless Erth miscast
  4435 | D:5      | XOM: harmless Pois miscast
  4757 | D:6      | Found a burning altar of Makhleb.
  4757 | D:6      | Noticed an Executioner
  4760 | D:6      | Noticed a ynoxinul
  4760 | D:6      | Noticed a smoke demon
  4773 | D:6      | Noticed Prince Ribbit
  4774 | D:6      | XOM: divination: detect items
  4776 | D:6      | XOM: harmless Trmt miscast
  4895 | D:6      | Noticed Eustachio
  4900 | D:6      | XOM: potion effect (brilliance)
  4904 | D:6      | XOM: potion effect (invisibility)
  4922 | D:6      | Killed Eustachio
  4927 | D:6      | Noticed Menkaure
  4940 | D:6      | Killed Menkaure
  4940 | D:6      | Reached XP level 8. HP: 36/68 MP: 3/3
  4949 | D:6      | XOM: harmless Pois miscast
  5167 | D:6      | XOM: silly message
  5234 | D:6      | Killed Prince Ribbit
  5239 | D:6      | XOM: harmless Tloc miscast
  5323 | D:6      | XOM: potion effect (haste)
  5351 | D:6      | XOM: potion effect (berserk rage)
  5353 | D:6      | XOM: 2-stop teleportation journey
  5401 | D:6      | Reached skill level 5 in Dodging
  5529 | D:6      | XOM: harmless Tloc miscast
  5730 | D:6      | XOM: polymorph sky beast -> black bear
  5781 | D:6      | XOM: chaos cloud
  5910 | D:7      | Found a staircase to the Ecumenical Temple.
  5910 | D:7      | Found Shrearim's Food Boutique.
  5958 | D:7      | Found Pikaare's Magic Scroll Boutique.
  5973 | D:7      | Bought a scroll of magic mapping for 45 gold pieces
  5973 | D:7      | Bought a scroll of identify for 26 gold pieces
  5973 | D:7      | Bought a scroll of teleportation for 39 gold pieces
  6074 | D:7      | Identified the +1 buckler of Charity {rCorr Dex+4} (You found it in a sewer)
  6100 | D:7      | XOM: swap weapons
  6109 | D:7      | Reached XP level 9. HP: 62/74 MP: 4/4
  6169 | D:7      | XOM: vitrification
  6226 | D:7      | Reached skill level 9 in Long Blades
  6268 | D:7      | XOM: stat loss: -1 Int (8/9)
  6298 | D:7      | XOM: medium Air miscast
  6324 | D:7      | Found Strusyge's Gadget Shop.
  6501 | D:8      | XOM: mild Tloc miscast
  6620 | D:8      | Noticed Joseph
  6647 | D:8      | XOM: summons 3 hostile shadow creatures
  6657 | D:8      | XOM: smoke on damage
  6742 | D:8      | XOM: harmless Tloc miscast
  6984 | D:8      | Reached skill level 10 in Long Blades
  6987 | D:8      | XOM: enchant monster (good)
  7057 | D:8      | Noticed a three-headed hydra
  7063 | D:8      | Killed a one-headed hydra
  7063 | D:8      | Reached skill level 12 in Long Blades
  7143 | D:8      | Got an ichor-stained war axe
  7288 | D:8      | XOM: harmless Summ miscast
  7341 | D:8      | Gained mutation: You possess an exceptional clarity of mind. [potion of beneficial mutation]
  7373 | D:8      | XOM: divination: detect creatures
  7379 | D:8      | XOM: enchant monster (bad)
  7384 | D:8      | Killed Joseph
  7384 | D:8      | Reached XP level 10. HP: 42/84 MP: 4/4
  7606 | D:9      | Found a shimmering altar of Xom.
  7663 | D:9      | XOM: silly message
  7763 | D:9      | Found an iron altar of Okawaru.
  7801 | D:9      | XOM: enchant monster (good)
  7858 | D:9      | Identified the +2 war axe "Romeiff" {speed, rElec MR+} (You took it off an orc priest on level 8 of the Dungeon)
  7924 | D:9      | XOM: swap weapons
  8457 | D:9      | Found Ychapol's Distillery.
  8465 | D:9      | Bought a potion of restore abilities for 65 gold pieces
  8602 | D:10     | Entered Level 10 of the Dungeon
  8612 | D:10     | XOM: silly message
  8812 | D:10     | XOM: divination: detect items
  9020 | D:10     | XOM: noise
  9054 | D:10     | Reached skill level 10 in Dodging
  9059 | D:10     | XOM: swap weapons
  9078 | D:10     | XOM: 1-stop teleportation journey
  9140 | D:10     | XOM: 1-stop teleportation journey
  9434 | D:10     | Gained mutation: You are partially covered in large bone plates (AC +2, SH +2). [mutagenic meat]
  9435 | D:10     | Gained mutation: Your body is slowly deteriorating. [mutagenic meat]
  9436 | D:10     | Gained mutation: You can spit moderately strong poison. [mutagenic meat]
  9590 | D:10     | Found a staircase to the Orcish Mines.
  9601 | D:10     | XOM: summons 2 friendly demons
  9896 | D:10     | Noticed a hill giant
  9902 | D:10     | Killed a hill giant
 10122 | D:11     | Noticed a red ugly thing
 10130 | D:11     | Killed a purple ugly thing
 10214 | D:11     | Noticed a manticore
 10221 | D:11     | XOM: 3-stop teleportation journey
 10239 | D:11     | Reached XP level 11. HP: 75/92 MP: 4/4
 10295 | D:11     | XOM: 1-stop teleportation journey
 10470 | D:11     | XOM: cast spell 'Spider Form'
 10532 | D:11     | XOM: polymorph yak -> hippogriff
 10533 | D:11     | XOM: summons friendly white imp
 10872 | D:11     | XOM: silly message
 10880 | D:11     | Killed a manticore
 11159 | D:11     | Found a staircase to the Lair.
 11159 | D:11     | Noticed an elephant
 11160 | D:11     | XOM: enchant monster (bad)
 11170 | D:11     | XOM: divine lightning
 11171 | D:11     | Killed an elephant
 11256 | D:11     | Reached skill level 10 in Armour
 11298 | D:11     | XOM: medium Summ miscast
 11385 | D:11     | XOM: silly message
 11647 | Lair:1   | Entered Level 1 of the Lair of Beasts
 11694 | Lair:1   | XOM: enchant monster (bad)
 11696 | Lair:1   | XOM: noise
 11843 | Lair:1   | XOM: chaos cloud
 11953 | Lair:1   | XOM: severe Tloc miscast
 12040 | Lair:1   | XOM: 5-stop teleportation journey
 12217 | Lair:1   | XOM: noise
 12304 | Lair:1   | XOM: mild Pois miscast
 12515 | Lair:2   | XOM: noise
 12520 | Lair:2   | XOM: harmless Tloc miscast
 12628 | Lair:2   | XOM: 2-stop teleportation journey
 12811 | Lair:2   | XOM: enchant monster (bad)
 12919 | Lair:2   | XOM: silly message
 12922 | Lair:2   | Reached skill level 13 in Armour
 13074 | Lair:2   | XOM: colour smoke trail
 13247 | Lair:2   | XOM: harmless Trmt miscast
 13271 | Lair:2   | XOM: noise
 13413 | Lair:3   | XOM: 3-stop teleportation journey
 13435 | Lair:3   | Found a staircase to the Snake Pit.
 13445 | Lair:3   | XOM: harmless Pois miscast
 13587 | Lair:3   | XOM: enchant monster (good)
 13589 | Lair:3   | XOM: blink monster(s)
 13590 | Lair:3   | XOM: cast spell 'Summon Small Mammal'
 13795 | Lair:3   | XOM: harmless Chrm miscast
 13878 | Lair:3   | XOM: enchant monster (bad)
 13882 | Lair:3   | XOM: summons friendly ufetubus
 13964 | Lair:3   | XOM is BORED!
 13964 | Lair:3   | XOM: mild Fire miscast
 14037 | Lair:3   | XOM: mild Chrm miscast
 14045 | Lair:3   | XOM: divination: detect creatures
 14205 | Lair:3   | Identified a scroll of acquirement
 14303 | Lair:2   | Reached XP level 12. HP: 97/100 MP: 5/5
 14840 | Lair:4   | XOM: blink monster(s)
 14845 | Lair:4   | XOM: harmless Air miscast
 14849 | Lair:4   | XOM: enchant monster (good)
 14885 | Lair:3   | XOM: divination: magic mapping
 15226 | Lair:4   | XOM: give mutations
 15226 | Lair:4   | Gained mutation: You are partially covered in icy blue scales (AC +1). [Xom's grace]
 15226 | Lair:4   | Gained mutation: Your flesh is heat resistant. [Xom's grace]
 15227 | Lair:4   | XOM: divination: detect creatures
 15418 | Lair:4   | XOM: 1-stop teleportation journey
 15446 | Lair:4   | XOM: enchant monster (good)
 15471 | Lair:4   | XOM: give mutations
 15471 | Lair:4   | Gained mutation: You are robust (+10% HP). [Xom's grace]
 15471 | Lair:4   | Gained mutation: You have large cloven feet. [Xom's grace]
 15471 | Lair:4   | Gained mutation: Your natural rate of healing is unusually fast. [Xom's grace]
 15475 | Lair:4   | Reached skill level 14 in Long Blades
 15526 | Lair:4   | XOM: 7-stop teleportation journey
 15585 | Lair:4   | XOM: medium Air miscast
 15592 | Lair:4   | XOM: summons 9 friendly demons
 15871 | Lair:4   | XOM: mild Necr miscast
 15890 | Lair:4   | HP: 2/110 [blink frog (8)]
 15908 | Lair:4   | HP: 3/165 [blink frog (11)]
 15919 | Lair:4   | HP: 8/165 [blink frog (1)]
 15994 | Lair:4   | XOM: colour smoke trail
 16064 | Lair:4   | XOM: vitrification
 16111 | Lair:4   | XOM: give mutations
 16111 | Lair:4   | Gained mutation: Your system is resistant to poisons. [Xom's grace]
 16111 | Lair:4   | Gained mutation: You passively map a small area around you. [Xom's grace]
 16111 | Lair:4   | Gained mutation: You have hoof-like feet. [Xom's grace]
 16272 | Lair:4   | Noticed an eight-headed hydra
 16280 | Lair:4   | XOM: summons friendly shadow imp
 16285 | Lair:4   | Killed a one-headed hydra
 16285 | Lair:4   | Reached skill level 15 in Long Blades
 16338 | Lair:4   | Found a staircase to the Swamp.
 16411 | Lair:4   | XOM: colour smoke trail
 16479 | Lair:5   | XOM: potion effect (agility)
 16493 | Lair:5   | XOM: summons friendly shadow imp
 16530 | Lair:5   | Noticed a five-headed hydra
 16538 | Lair:5   | XOM: destruction
 16539 | Lair:5   | XOM: polymorph elephant -> hornet
 16554 | Lair:5   | Killed a one-headed hydra
 16554 | Lair:5   | Reached skill level 16 in Long Blades
 16617 | Lair:5   | Gained mutation: You can breathe flames. [potion of beneficial mutation]
 16658 | Lair:5   | XOM: summons 5 friendly demons
 16700 | Lair:5   | XOM: cast spell 'Summon Butterflies'
 16737 | Lair:5   | XOM: destruction
 16749 | Lair:5   | Reached skill level 17 in Long Blades
 16762 | Lair:5   | Reached XP level 13. HP: 71/115 MP: 5/5
 16762 | Lair:5   | XOM: destruction
 16778 | Lair:5   | XOM: summons 3 friendly demons
 16834 | Lair:5   | XOM: summons friendly shadow imp
 16889 | Lair:5   | XOM: swap monsters
 16907 | Lair:5   | XOM: cast spell 'Ice Form'
 16915 | Lair:5   | XOM: swap monsters
 16981 | Lair:5   | Noticed drjones' ghost (powerful MfIE)
 16990 | Lair:5   | XOM: 1-stop teleportation journey
 17081 | Lair:5   | XOM: summons friendly iron imp
 17083 | Lair:5   | Reached skill level 18 in Long Blades
 17085 | Lair:5   | XOM: confuse monster(s)
 17097 | Lair:5   | XOM: silly message
 17099 | Lair:5   | XOM: cast spell 'Olgreb's Toxic Radiance'
 17118 | Lair:5   | Killed drjones' ghost
 17120 | Lair:5   | XOM: harmless Fire miscast
 17245 | Lair:5   | XOM: cast spell 'Summon Small Mammal'
 17283 | Lair:5   | XOM: confuse monster(s)
 17284 | Lair:5   | XOM: summons 2 friendly demons
 17383 | Lair:5   | XOM: fog
 17565 | Lair:5   | XOM: scenery: create altars
 17860 | Lair:6   | XOM: enchant monster (good)
 17866 | Lair:6   | XOM: enchant monster (good)
 17868 | Lair:6   | XOM: confuse monster(s)
 17995 | Lair:6   | XOM is BORED!
 17995 | Lair:6   | XOM: mild Pois miscast
 18042 | Lair:6   | XOM: destruction
 18169 | Lair:6   | XOM: vitrification
 18320 | Lair:6   | XOM: god gift: 17 gold pieces
 18357 | Lair:7   | Reached skill level 10 in Fighting
 18782 | Lair:7   | XOM: swap monsters
 18829 | Lair:7   | Noticed Harold
 18830 | Lair:7   | XOM: enchant monster (good)
 18841 | Lair:7   | XOM: summons friendly ufetubus
 18849 | Lair:7   | XOM: destruction
 18859 | Lair:7   | XOM: divine lightning (protected)
 18911 | Lair:7   | XOM: vitrification
 19219 | Lair:7   | XOM: enchant monster (good)
 19322 | Lair:7   | Reached XP level 14. HP: 133/133 MP: 5/5
 19369 | Lair:7   | XOM: destruction
 19386 | Lair:7   | Killed Harold
 19460 | Lair:7   | Noticed an emperor scorpion
 19460 | Lair:7   | a death yak changed into an emperor scorpion
 19460 | Lair:7   | XOM: polymorph death yak -> emperor scorpion
 19464 | Lair:7   | XOM: summons friendly crimson imp
 19470 | Lair:7   | XOM: summons 7 friendly demons
 19481 | Lair:7   | XOM: divination: detect creatures
 19496 | Lair:7   | XOM: swap monsters
 19508 | Lair:7   | XOM: enchant monster (good)
 19519 | Lair:7   | XOM: polymorph death yak -> queen ant
 19531 | Lair:7   | XOM: enchant monster (good)
 19543 | Lair:7   | Lost mutation: You have hoof-like feet. [mutagenic meat]
 19554 | Lair:7   | Found a viscous altar of Jiyva.
 19555 | Lair:7   | Found a staircase to the Slime Pits.
 19598 | Lair:7   | XOM: harmless Erth miscast
 19608 | Lair:7   | XOM: blink monster(s)
 19629 | Lair:7   | XOM: noise
 19634 | Lair:7   | XOM: medium Air miscast
 19637 | Lair:7   | XOM: mild Trmt miscast
 19652 | Lair:7   | XOM: chaos cloud
 20058 | Lair:7   | XOM: summons friendly iron imp
 20067 | Lair:7   | XOM: cast spell 'Olgreb's Toxic Radiance'
 20135 | Lair:7   | XOM: snakes to sticks
 20136 | Lair:7   | XOM: summons 2 friendly demons
 20232 | Lair:7   | XOM: harmless Ice miscast
 20271 | Lair:7   | Reached skill level 15 in Armour
 20292 | Lair:7   | XOM: god gift: legendary deck of cards {god gift}
 20296 | Lair:7   | XOM: summons 3 hostile demons
 20527 | Lair:7   | XOM: confuse monster(s)
 20528 | Lair:7   | XOM: polymorph spiny frog -> soldier ant
 20536 | Lair:7   | XOM: confuse monster(s)
 20558 | Lair:7   | XOM: confuse monster(s)
 20605 | Lair:7   | XOM: silly message
 20740 | Lair:8   | Entered Level 8 of the Lair of Beasts
 20748 | Lair:7   | XOM: summons 2 hostile shadow creatures
 20752 | Lair:7   | XOM: confuse monster(s)
 20796 | Lair:7   | XOM: divine lightning
 20978 | Lair:8   | XOM: potion effect (haste)
 20990 | Lair:8   | XOM: enchant monster (good)
 20997 | Lair:8   | XOM: divination: detect creatures
 21006 | Lair:8   | XOM: enchant monster (good)
 21012 | Lair:8   | XOM: divination: detect creatures
 21377 | Lair:8   | XOM: polymorph blink frog -> hippogriff
 21401 | Lair:8   | XOM: smoke on damage
 21446 | Lair:8   | XOM: summons friendly quasit
 21456 | Lair:8   | XOM: 2-stop teleportation journey
 21457 | Lair:8   | XOM: give mutations
 21457 | Lair:8   | Lost mutation: You can spit moderately strong poison. [Xom's mischief]
 21457 | Lair:8   | Lost mutation: Your body is slowly deteriorating. [Xom's mischief]
 21457 | Lair:8   | Lost mutation: You possess an exceptional clarity of mind. [Xom's mischief]
 21623 | Lair:8   | XOM: summons friendly white imp
 21626 | Lair:8   | XOM: summons friendly quasit
 21645 | Lair:8   | XOM: summons friendly chaos spawn
 21669 | Lair:8   | Got a faintly humming shield
 22023 | Lair:8   | Got a polished quarterstaff
 22085 | Lair:8   | XOM: fog
 22087 | Lair:8   | XOM: swap monsters
 22400 | Lair:7   | Identified the +9 quarterstaff of Internal Strife {flame, Int+2} (You found it on level 8 of the Lair of Beasts)
 22601 | Lair:3   | XOM: vitrification
 22676 | Lair:1   | Identified the +3 shield "Ghaoqaop" {rPois rCorr Int+7 Dex+2 Slay-6} (You found it on level 8 of the Lair of Beasts)
 22732 | Lair:1   | Gained mutation: You are resistant to hostile enchantments. [potion of beneficial mutation]
 22894 | D:8      | XOM: enchant monster (good)
 22902 | D:8      | XOM: confuse monster(s)
 23411 | Temple   | Entered the Ecumenical Temple
 23744 | Orc:1    | Entered Level 1 of the Orcish Mines
 23909 | Orc:1    | Found a frozen archway.
 23939 | IceCv    | Entered an ice cave
 23945 | IceCv    | XOM: summons friendly iron imp
 23947 | IceCv    | XOM: confusion
 23952 | IceCv    | XOM: enchant monster (bad)
 23961 | IceCv    | Reached skill level 19 in Long Blades
 23962 | IceCv    | XOM: blink monster(s)
 23992 | IceCv    | XOM: 4-stop teleportation journey
 24025 | IceCv    | XOM: mild Chrm miscast
 24037 | IceCv    | Gained mutation: Your spells are a little harder to cast, but a little more powerful. [potion of beneficial mutation]
 24134 | IceCv    | Noticed a frost giant
 24158 | IceCv    | Reached skill level 1 in Evocations
 24167 | IceCv    | Killed a frost giant
 24195 | IceCv    | XOM: 1-stop teleportation journey
 24198 | IceCv    | XOM: confusion (+ monsters)
 24217 | IceCv    | Reached XP level 15. HP: 59/138 MP: 10/13
 24222 | IceCv    | XOM: summons friendly crimson imp
 24425 | IceCv    | XOM: cast spell 'Summon Horrible Things'
 24752 | IceCv    | XOM: give mutation
 24752 | IceCv    | Gained mutation: You can breathe fire. [Xom's grace]
 25246 | Orc:1    | XOM: god gift: 19 gold pieces
 25267 | Orc:1    | XOM: confusion
 25291 | Orc:1    | Reached skill level 5 in Evocations
 25405 | Orc:2    | Found Sionuoda's Distillery.
 25410 | Orc:2    | Bought a potion of brilliance for 56 gold pieces
 25410 | Orc:2    | Bought a potion of beneficial mutation for 490 gold pieces
 25410 | Orc:2    | Bought a potion of agility for 56 gold pieces
 25410 | Orc:2    | Bought a potion of lignification for 42 gold pieces
 25410 | Orc:2    | Bought a potion of cancellation for 112 gold pieces
 25410 | Orc:2    | Bought a potion of curing for 42 gold pieces
 25411 | Orc:2    | Gained mutation: You have a pair of large horns on your head. [potion of beneficial mutation]
 25521 | Orc:3    | Noticed Snorg
 25533 | Orc:2    | Killed Snorg
 25687 | Orc:4    | XOM: noise
 25687 | Orc:4    | Entered Level 4 of the Orcish Mines
 25712 | Orc:4    | XOM: enchant monster (good)
 25810 | Orc:4    | XOM: divination: detect creatures
 25843 | Orc:4    | Found a staircase to the Elven Halls.
 25917 | Orc:4    | XOM: polymorph orc wizard -> sheep
 25935 | Orc:4    | XOM: harmless Necr miscast
 25957 | Orc:4    | XOM: harmless Air miscast
 25964 | Orc:4    | XOM: noise
 25978 | Orc:4    | XOM: cast spell 'Warp Weapon'
 25989 | Orc:4    | XOM: enchant monster (bad)
 26288 | Orc:3    | XOM: give mutations
 26288 | Orc:3    | Lost mutation: You are partially covered in slimy green scales (AC +2). [Xom's mischief]
 26288 | Orc:3    | Lost mutation: You have large cloven feet. [Xom's mischief]
 26288 | Orc:3    | Lost mutation: You have sharp fingernails. [Xom's mischief]
 26469 | Orc:4    | XOM: mild Trmt miscast
 26510 | Orc:4    | XOM: smoke on damage
 26663 | Orc:4    | XOM: blink monster(s)
 26790 | Orc:4    | XOM: silly message
 26925 | Orc:4    | Found Cle Schel's Book Emporium.
 26925 | Orc:4    | Found Ozaipaxe's Antique Armour Shoppe.
 26925 | Orc:4    | Found Acuucuod's Jewellery Shoppe.
 26930 | Orc:4    | Found Klicuaq's Jewellery Emporium.
 26959 | Orc:4    | Bought the ring "Teogytrule" {+Blink rF+ rC+ MR+} for 636 gold pieces
 27155 | Orc:4    | XOM: swap weapons
 27166 | Orc:4    | XOM: blink monster(s)
 27295 | Orc:3    | Found Shrubuf's General Store.
 27313 | Orc:3    | Bought a scroll of identify for 26 gold pieces
 27313 | Orc:3    | Bought a potion of haste for 130 gold pieces
 27313 | Orc:3    | Bought a potion of might for 52 gold pieces
 27360 | Orc:3    | XOM: mild Hex miscast
 27471 | Orc:2    | XOM: silly message
 28314 | D:12     | XOM: mild Tloc miscast
 28417 | D:12     | XOM: vitrification
 28621 | D:12     | XOM is BORED!
 28621 | D:12     | XOM: enchant monster (bad)
 28625 | D:12     | XOM: enchant monster (good)
 28763 | D:12     | XOM: swap monsters
 28892 | D:13     | XOM: 1-stop teleportation journey
 29067 | D:13     | XOM: colour smoke trail
 29075 | D:13     | Upgraded the game from 0.16-a0-4123-g49b462e to 0.16-a0-4133-g472b14a
 29082 | D:13     | XOM: harmless Conj miscast
 29084 | D:13     | XOM: medium Pois miscast
 29100 | D:13     | XOM: enchant monster (bad)
 29102 | D:13     | XOM: blink monster(s)
 29106 | D:13     | XOM: chaos cloud
 29183 | D:13     | Found a shimmering altar of Xom.
 29192 | D:13     | Found a gate to the Vaults.
 29196 | D:13     | XOM: chaos upgrade
 29201 | D:13     | XOM: 1-stop teleportation journey
 29204 | D:13     | XOM: fog
 29349 | D:13     | XOM: cast spell 'Conjure Ball Lightning'
 29373 | D:13     | XOM: harmless Summ miscast
 29396 | D:13     | XOM: noise
 29405 | D:13     | XOM: divine lightning (protected)
 29413 | D:13     | XOM: fog
 29559 | D:12     | XOM: polymorph killer bee -> giant frog
 29613 | D:12     | XOM: enchant monster (good)
 29615 | D:12     | XOM: summons friendly crimson imp
 29749 | D:13     | XOM: summons 3 friendly demons
 29883 | D:13     | XOM: smoke on damage
 30151 | D:13     | XOM: confuse monster(s)
 30365 | D:13     | XOM: colour smoke trail
 30666 | D:14     | XOM: divination: magic mapping
 30734 | D:14     | XOM: harmless Necr miscast
 30763 | D:14     | Noticed Nessos
 31078 | D:14     | Killed Nessos
 31125 | D:14     | Noticed Azrael
 31142 | D:14     | XOM: mild Divn miscast
 31145 | D:14     | XOM: divination: detect items
 31151 | D:14     | Killed Azrael
 31357 | D:14     | XOM: divination: detect creatures
 31368 | D:14     | XOM: vitrification
 31626 | D:14     | XOM: cast spell 'Dragon Form'
 31690 | D:15     | Entered Level 15 of the Dungeon
 31725 | D:15     | XOM: 6-stop teleportation journey
 31760 | D:15     | XOM: harmless Erth miscast
 31770 | D:15     | Reached XP level 16. HP: 160/160 MP: 23/23
 31806 | D:14     | XOM: cast spell 'Summon Swarm'
 31967 | D:15     | XOM: summons 4 friendly demons
 32016 | D:15     | Got a twitching granite ring
 32017 | D:15     | Identified the ring "Cucaoha" {Fire rN+ Str-3 Int+6 Dex-5 Slay+3} (You found it on level 15 of the Dungeon)
 32253 | D:15     | Found a staircase to the Depths.
 32410 | D:15     | XOM: divination: detect creatures
 32542 | D:15     | XOM: god gift: 12 royal jellies
 32895 | D:15     | XOM: give mutations
 32895 | D:15     | Gained mutation: You are partially covered in rough black scales (AC +4, Dex -1). [Xom's grace]
 32895 | D:15     | Gained mutation: Your muscles are strong. (Str +2) [Xom's grace]
 32895 | D:15     | Gained mutation: You can spit moderately strong poison. [Xom's grace]
 32966 | D:15     | XOM: summons 9 friendly demons
 32967 | D:15     | XOM: summons friendly quasit
 33108 | D:15     | Found Siuplics' Distillery.
 33514 | D:12     | XOM: harmless Conj miscast
 34107 | D:15     | Bought a potion of curing for 45 gold pieces
 34107 | D:15     | Bought 2 potions of curing for 90 gold pieces
 34107 | D:15     | Bought 2 potions of resistance for 300 gold pieces
 34107 | D:15     | Bought a potion of might for 60 gold pieces
 34107 | D:15     | Bought a potion of brilliance for 60 gold pieces
 34111 | D:15     | Bought a potion of mutation for 37 gold pieces
 34111 | D:15     | Bought a potion of mutation for 37 gold pieces
 34367 | Lair:3   | XOM: harmless Hex miscast
 34418 | Lair:4   | XOM: vitrification
 34426 | Swamp:1  | Entered Level 1 of the Swamp
 34544 | Swamp:1  | XOM: divination: magic mapping
 35142 | Swamp:1  | XOM: enchant monster (good)
 35305 | Swamp:1  | XOM: harmless Trmt miscast
 35368 | Swamp:2  | XOM: cast spell 'Ring of Flames'
 35672 | Swamp:2  | Identified the Volume of Feathery Attacks
 35793 | Swamp:2  | Got an obsidian-studded scale mail
 35804 | Swamp:2  | Identified the cursed -2 scale mail of Usinet {rF- Str+5} (You found it on level 2 of the Swamp)
 36156 | Swamp:2  | XOM: enchant monster (good)
 36189 | Swamp:3  | XOM: mild Necr miscast
 36197 | Swamp:3  | XOM: divination: detect items
 36251 | Swamp:3  | XOM: divination: magic mapping
 36582 | Swamp:3  | XOM is BORED!
 36582 | Swamp:3  | XOM: medium Chrm miscast
 36598 | Swamp:3  | XOM: enchant monster (good)
 36712 | Swamp:3  | XOM: give mutations
 36712 | Swamp:3  | Gained mutation: You are agile. (Dex +2) [Xom's grace]
 36712 | Swamp:3  | Gained mutation: Your mind is acute. (Int +2) [Xom's grace]
 36712 | Swamp:3  | Gained mutation: You are somewhat resistant to further mutation. [Xom's grace]
 36758 | Swamp:3  | XOM: divination: magic mapping
 36876 | Swamp:3  | XOM: mild Air miscast
 37296 | Lair:2   | XOM: severe Air miscast
 37369 | Lair:1   | Learned a level 4 spell: Condensation Shield
 37960 | Swamp:2  | XOM: vitrification
 38119 | Swamp:4  | Noticed Mara
 38124 | Swamp:4  | XOM: potion effect (might)
 38139 | Swamp:3  | Noticed Monkaria's illusion
 38142 | Swamp:3  | XOM: potion effect (haste)
 38147 | Swamp:3  | XOM: noise
 38149 | Swamp:3  | XOM: noise
 38151 | Swamp:3  | XOM: noise
 38156 | Swamp:3  | Noticed Mara
 38156 | Swamp:3  | Mara changed into Mara the hellephant
 38156 | Swamp:3  | XOM: polymorph Mara -> Mara the hellephant
 38320 | Swamp:4  | XOM: divination: detect items
 38327 | Swamp:4  | Noticed Monkaria's illusion
 38328 | Swamp:4  | XOM: chaos cloud
 38333 | Swamp:4  | XOM: enchant monster (good)
 38344 | Swamp:4  | XOM: confuse monster(s)
 38347 | Swamp:4  | XOM: destruction
 38380 | Swamp:4  | XOM: confuse monster(s)
 38390 | Swamp:4  | XOM: summons friendly iron imp
 38495 | Swamp:4  | Found a snail-covered altar of Cheibriados.
 38512 | Swamp:4  | XOM: cast spell 'Summon Swarm'
 38592 | Swamp:4  | XOM: smoke on damage
 38616 | Swamp:4  | Reached skill level 20 in Long Blades
 38648 | Swamp:4  | XOM: 1-stop teleportation journey
 38669 | Swamp:4  | XOM: harmless Ice miscast
 38670 | Swamp:4  | XOM: harmless Pois miscast
 38674 | Swamp:4  | XOM: confuse monster(s)
 38720 | Swamp:4  | XOM: enchant monster (good)
 38724 | Swamp:4  | Noticed Monkaria's illusion
 38727 | Swamp:4  | XOM: god gift: 29 gold pieces
 38733 | Swamp:4  | Killed Mara
 38733 | Swamp:4  | Reached XP level 17. HP: 158/167 MP: 23/23
 38823 | Swamp:4  | XOM: divination: detect items
 39156 | Swamp:2  | XOM: vitrification
 39643 | Swamp:5  | Entered Level 5 of the Swamp
 39674 | Swamp:5  | XOM: swap monsters
 39753 | Swamp:5  | Noticed Aizul
 39771 | Swamp:5  | Killed Aizul
 39941 | Swamp:5  | XOM: polymorph swamp worm -> anaconda
 40128 | Swamp:5  | XOM: god gift: bone wand {god gift}
 40243 | Swamp:5  | XOM: fog
 40252 | Swamp:5  | XOM: divination: detect creatures
 40255 | Swamp:5  | Reached skill level 21 in Long Blades
 40288 | Swamp:5  | XOM: confuse monster(s)
 40291 | Swamp:5  | XOM: summons friendly white imp
 40328 | Swamp:5  | XOM: summons 11 friendly demons
 40359 | Swamp:5  | XOM: give mutations
 40359 | Swamp:5  | Lost mutation: You can spit moderately strong poison. [Xom's mischief]
 40359 | Swamp:5  | Lost mutation: Your muscles are strong. (Str +2) [Xom's mischief]
 40359 | Swamp:5  | Lost mutation: You are agile. (Dex +2) [Xom's mischief]
 40359 | Swamp:5  | Lost mutation: You passively map a small area around you. [Xom's mischief]
 40366 | Swamp:5  | Noticed the 27-headed Lernaean hydra
 40377 | Swamp:5  | XOM: summons 4 hostile shadow creatures
 40436 | Swamp:4  | XOM: harmless Fire miscast
 40484 | Swamp:4  | XOM: mild Necr miscast
 40612 | Swamp:5  | XOM: stat loss: -1 Int (10/11)
 40838 | Swamp:5  | XOM: noise
 40881 | Swamp:5  | XOM: summons 8 hostile demons
 41384 | Swamp:5  | XOM: chaos cloud
 41390 | Swamp:5  | XOM: noise
 41410 | Swamp:5  | XOM: polymorph spriggan druid -> great orb of eyes
 41423 | Swamp:5  | XOM: summons 2 hostile shadow creatures
 41590 | Swamp:5  | XOM: mild Conj miscast
 41591 | Swamp:5  | XOM: chaos cloud
 41593 | Swamp:5  | Paralysed by you for 2 turns
 41677 | Swamp:5  | XOM: vitrification
 41786 | Swamp:5  | Noticed Jorgrun
 41817 | Swamp:5  | Killed Jorgrun
 41824 | Swamp:5  | Got a decaying rune of Zot
 41959 | Swamp:5  | Killed the two-headed Lernaean hydra
 41959 | Swamp:5  | Reached skill level 22 in Long Blades
 41973 | Swamp:5  | XOM: god gift: scroll of teleportation
 42063 | Swamp:5  | XOM: god gift: battleaxe {god gift}
 42083 | Swamp:5  | XOM: enchant monster (good)
 42379 | Lair:1   | Upgraded the game from 0.16-a0-4133-g472b14a to 0.17-a0-4-gb793c6d
 42430 | Snake:1  | Entered Level 1 of the Snake Pit
 42551 | Snake:1  | XOM: cast spell 'Flight'
 42711 | Snake:1  | Found Stepoq's Antique Armour Emporium.
 42716 | Snake:1  | Bought a pair of runed boots for 139 gold pieces
 42872 | Snake:1  | XOM: harmless Summ miscast
 42955 | Snake:1  | XOM: silly message
 43124 | Snake:1  | XOM: give mutations
 43124 | Snake:1  | Lost mutation: You have a pair of large horns on your head. [Xom's mischief]
 43124 | Snake:1  | Lost mutation: You are robust (+10% HP). [Xom's mischief]
 43124 | Snake:1  | Lost mutation: Your system is resistant to poisons. [Xom's mischief]
 43124 | Snake:1  | Lost mutation: You can spit poison. [Xom's mischief]
 43155 | Snake:1  | XOM: harmless Necr miscast
 43424 | Orc:4    | Bought an uncursed ring of poison resistance for 340 gold pieces
 43760 | Snake:2  | XOM: chaos cloud
 43764 | Snake:2  | XOM: blink monster(s)
 43816 | Snake:2  | XOM: mild Erth miscast
 43818 | Snake:2  | XOM: cast spell 'Dispersal'
 43945 | Snake:2  | XOM: 7-stop teleportation journey
 44279 | Snake:2  | Noticed Vashnia
 44280 | Snake:2  | XOM: confuse monster(s)
 45583 | Snake:2  | XOM: give mutation
 45583 | Snake:2  | Lost mutation: Your flesh is heat resistant. [Xom's mischief]
 45586 | Snake:2  | Reached skill level 1 in Throwing
 45727 | Snake:2  | XOM: summons 4 friendly demons
 45730 | Snake:2  | XOM: fog
 45779 | Snake:2  | XOM: enchant monster (good)
 45814 | Snake:2  | Killed Vashnia
 46053 | Snake:3  | XOM: summons 8 friendly demons
 46070 | Snake:3  | XOM: vitrification
 46090 | Snake:3  | XOM: give mutations
 46090 | Snake:3  | Gained mutation: Your mind is very acute. (Int +4) [Xom's grace]
 46090 | Snake:3  | Gained mutation: You have large cloven feet. [Xom's grace]
 46090 | Snake:3  | Gained mutation: You have hoof-like feet. [Xom's grace]
 46131 | Snake:3  | XOM: divination: detect items
 46228 | Snake:3  | XOM: snakes to sticks
 46328 | Snake:3  | XOM: vitrification
 46374 | Snake:3  | XOM: swap monsters
 46381 | Snake:3  | XOM: fog
 46508 | Snake:3  | XOM: chaos cloud
 46512 | Snake:3  | Paralysed by you for 5 turns
 46514 | Snake:3  | XOM: confusion (+ monsters)
 46576 | Snake:2  | Reached skill level 5 in Throwing
 46710 | Snake:3  | XOM: confuse monster(s)
 46725 | Snake:3  | XOM: harmless Pois miscast
 46790 | Snake:3  | XOM: 4-stop teleportation journey
 46800 | Snake:3  | XOM: divination: magic mapping
 46967 | Snake:3  | XOM: god gift: 11 gold pieces
 46968 | Snake:3  | Reached XP level 18. HP: 160/160 MP: 25/25
 47023 | Snake:3  | XOM: potion effect (berserk rage)
 47032 | Snake:3  | XOM: harmless Pois miscast
 47838 | Snake:5  | Entered Level 5 of the Snake Pit
 48041 | Snake:5  | XOM: harmless Necr miscast
 48193 | Snake:5  | XOM: confusion
 48309 | Snake:5  | XOM: polymorph mana viper -> merfolk
 48341 | Snake:5  | XOM: mild Chrm miscast
 48487 | Snake:5  | XOM: give mutations
 48487 | Snake:5  | Lost mutation: Your mind is very acute. (Int +4) [Xom's mischief]
 48487 | Snake:5  | Lost mutation: You are somewhat resistant to further mutation. [Xom's mischief]
 48487 | Snake:5  | Lost mutation: You are resistant to hostile enchantments. [Xom's mischief]
 48487 | Snake:5  | Gained mutation: You are weak. (Str -2) [Xom's mischief]
 48613 | Snake:4  | XOM: mild Erth miscast
 48718 | Snake:5  | XOM: noise
 48766 | Snake:5  | XOM: enchant monster (bad)
 48768 | Snake:5  | XOM: summons 11 friendly demons
 48771 | Snake:5  | XOM: chaos upgrade
 48772 | Snake:5  | XOM: summons friendly crimson imp
 48803 | Snake:5  | HP: 9/240 [salamander/halberd (7)]
 48803 | Snake:5  | HP: 3/240 [salamander/halberd (6)]
 48803 | Snake:5  | Slain by a shock serpent

Action                   |  1- 3 |  4- 6 |  7- 9 | 10-12 | 13-15 | 16-18 || total
-------------------------+-------+-------+-------+-------+-------+-------++-------
Melee: Falchion          |   112 |   256 |   369 |    65 |    72 |       ||   874
       Unarmed           |       |       |     4 |    27 |    19 |     3 ||    53
       Great sword       |       |       |       |   798 |  1874 |   985 ||  3657
       Long sword        |       |       |       |    18 |       |       ||    18
       Dire flail        |       |       |       |     7 |       |       ||     7
       War axe           |       |       |       |       |     3 |       ||     3
       Scimitar          |       |       |       |       |       |   634 ||   634
       Demon blade       |       |       |       |       |       |    15 ||    15
 Fire: Shortbow          |       |       |     1 |       |       |       ||     1
       Blowgun           |       |       |       |    19 |       |       ||    19
Throw: Javelin           |       |       |    10 |     3 |     3 |       ||    16
 Abil: Evoke Flight      |       |     3 |       |       |       |       ||     3
       Evoke Blink       |       |       |       |       |     1 |     1 ||     2
       Breathe Fire      |       |       |       |       |     1 |     8 ||     9
Evoke: Wand              |       |       |       |     2 |    14 |    20 ||    36
       Phantom mirror    |       |       |       |     1 |       |       ||     1
       Deck              |       |       |       |       |       |    20 ||    20
  Use: Scroll            |       |     1 |    10 |    16 |    20 |    19 ||    66
       Potion            |       |       |     6 |     5 |    16 |    11 ||    38
 Stab: Paralysed         |       |     2 |     3 |       |     4 |     7 ||    16
       Petrifying        |       |     2 |     1 |     2 |       |       ||     5
       Petrified         |       |     2 |       |       |     1 |       ||     3
       Confused          |       |     1 |       |       |    13 |     2 ||    16
       Invisible         |       |       |     1 |       |     6 |       ||     7
       Distracted        |       |       |       |       |     3 |     6 ||     9
  Eat: Chunk             |     1 |     9 |    13 |    42 |    52 |    64 ||   181
       Beef jerky        |       |       |       |     2 |     1 |       ||     3
       Fruit             |       |       |       |       |     1 |       ||     1
